 Dungeon Crawl Stone Soup version 0.31-a0-165-g3f4f80340b (webtiles) character file.

Game seed: 2782371056161978573

67 qw the Shooter (level 4, -10/28 HPs)
             Began as a Gargoyle Hunter on June 13, 2023.
             Mangled by Sigmund
             ... wielding a +0 scythe
              (11 damage)
             ... on level 2 of the Dungeon.
             The game lasted 00:00:35 (1695 turns).

qw the Shooter (Gargoyle Hunter)                    Turns: 1695, Time: 00:00:35

Health: -10/28     AC:  9    Str: 14    XL:     4   Next: 18%
Magic:  4/4        EV: 10    Int: 10    God:
Gold:   60         SH:  0    Dex: 15    Spells: 3/3 levels left

rFire   . . .        Y - +0 shortbow
rCold   . . .        (shield currently unavailable)
rNeg    + . .        e - +0 ring mail
rPois   inf          g - +0 helmet
rElec   +            (no cloak)
rCorr   .            (no gloves)
SInv    .            (no boots)
Will    .....        (no amulet)
Stlth   +            (no ring)
HPRegen 0.24/turn    (no ring)
MPRegen 0.09/turn

%: no passive effects
@: no status effects
A: sickness immunity, AC +3, negative energy resistance 1, electricity
resistance, torment resistance 1, petrification resistance
a: no special abilities


You were on level 2 of the Dungeon.
You visited 1 branch of the dungeon, and saw 2 of its levels.

You collected 60 gold pieces.


Innate Abilities, Weirdness & Mutations

You are immune to sickness and miasma.
Your stone body is resilient. (AC +3)
You are immune to poison.
You resist negative energy. (rN+)
You are resistant to electric shocks. (rElec)
You are resistant to unholy torment.
You are immune to petrification.


   Skills:
 - Level 3.0 Fighting
 + Level 5.1 Ranged Weapons
 - Level 1.0 Armour
 - Level 1.5 Dodging
 - Level 1.1 Stealth


You had 3 spell levels left.
You didn't know any spells.
Your spell library was empty.

Inventory:

Hand Weapons
 Y - a +0 shortbow (weapon)
Armour
 e - a +0 ring mail (worn)
 g - a +0 helmet (worn)
Scrolls
 a - 2 scrolls of poison {unknown}
 b - a scroll of fog {unknown}
 c - a scroll of identify {unknown}
 i - a scroll of teleportation {unknown}
Potions
 d - a potion of degeneration {unknown}
 f - a potion of haste {unknown}
 h - a potion of curing {unknown}
 j - a potion of ambrosia {unknown}

Dungeon Overview and Level Annotations

Branches:
Dungeon (2/15)

Altars:
Vehumet

Annotations:
D:2 Sigmund


Message History

Enter note:
Enter note:
Enter note:
Enter note: You shoot an arrow.
The arrow hits the goblin but does no damage.
You shoot an arrow. The arrow barely misses the goblin.
You shoot an arrow. The arrow hits the goblin.
The goblin is moderately wounded.
You shoot an arrow. The arrow barely misses the goblin.
You shoot an arrow. The arrow barely misses the goblin.
Sigmund gestures wildly while chanting.
Sigmund flickers and vanishes!
Deactivating autopickup; reactivate with Ctrl-A.
The goblin closely misses you. The goblin hits you but does no damage.
You shoot an arrow.
The arrow hits the goblin but does no damage.
The goblin is moderately wounded.
Something hits you but does no damage. The goblin hits you but does no damage.
You shoot an arrow.
The arrow hits the goblin but does no damage.
The goblin is moderately wounded.
The goblin barely misses you. Something hits you.
You shoot an arrow. The arrow closely misses the goblin.
The goblin barely misses you.
You shoot an arrow. The arrow hits the goblin!
You kill the goblin!
Something hits you.
You shoot an arrow. You shoot an arrow. Something hits you.
You shoot an arrow. Something hits you.
You shoot an arrow. Something hits you.
You shoot an arrow. Something hits you!
You shoot an arrow. Something hits you!
You die...

# ##.##.# .
#.##.# #
#.##.##.####
...........#
#.#>.##.##.# #
#..##.##.####.#
#..##.##.#...
#.##.#.#
#.##.@.# .#
#.####)# .##
#.# #{##.. $.
#....#
#..###.#..
.........#
#..#....##
#....@.<#
............#


There were no monsters in sight!

Vanquished Creatures
  3 adders (D:2)
  5 endoplasms (D:1)
  A giant cockroach (D:1)
  6 goblins
  4 hobgoblins
  2 jackals (D:1)
  6 quokkas
  4 bats
  A frilled lizard (D:1)
  5 rats
37 creatures vanquished.

Notes
Turn   | Place    | Note
-------+----------+-------------------------------------------
     0 | D:1      | qw the Gargoyle Hunter began the quest for the Orb.
     0 | D:1      | Reached XP level 1. HP: 12/12 MP: 1/1
     0 | D:1      | 0 ||| qw: Version: 0.2-a-29-gc1b59c4
     0 | D:1      | 0 ||| qw: Game counter: 4662
     0 | D:1      | 0 ||| qw: Always use a shield: true
     0 | D:1      | 0 ||| qw: God list: Okawaru
     0 | D:1      | 0 ||| qw: Allow faded altars: false
     0 | D:1      | 0 ||| qw: Do Orc after D:15 true
     0 | D:1      | 0 ||| qw: Do second Lair branch before Depths: true
     0 | D:1      | 0 ||| qw: Lair rune preference: random
     0 | D:1      | 0 ||| qw: Plans: Normal, Zot:1-4, Slime:5, God:TSO, Crypt,
                  | Tomb, Abyss, Pan, Hells, Win
     0 | D:1      | 0 ||| PLANNING D:1-11
   216 | D:1      | Found a faded altar of an unknown god.
   272 | D:1      | Reached XP level 2. HP: 17/17 MP: 2/2
   280 | D:1      | Found a radiant altar of Vehumet.
   637 | D:1      | Reached XP level 3. HP: 17/21 MP: 3/3
   799 | D:1      | Reached skill level 5 in Ranged Weapons
   953 | D:1      | 953 ||| UPGRADING to +0 ring mail.
   963 | D:1      | 963 ||| DROPPING +0 leather armour.
   964 | D:1      | 964 ||| UPGRADING to +0 helmet.
   969 | D:1      | 969 ||| READING scroll labelled VEGERIU MUALE.
   985 | D:1      | 985 ||| READING scroll labelled RUSE YHUVOMON.
   986 | D:1      | 986 ||| DROPPING scroll of butterflies.
  1050 | D:2      | Noticed Sigmund
  1053 | D:2      | 1053 ||| STAIRDANCE
  1077 | D:2      | 1077 ||| STAIRDANCE
  1106 | D:2      | 1106 ||| STAIRDANCE
  1139 | D:2      | 1139 ||| STAIRDANCE
  1256 | D:2      | Reached skill level 1 in Armour
  1420 | D:2      | Reached skill level 3 in Fighting
  1420 | D:2      | Reached XP level 4. HP: 28/28 MP: 4/4
  1694 | D:2      | HP: 1/28 [something (9)]
  1695 | D:2      | Mangled by Sigmund

Levels and vault maps discovered:
D:1:      dpeg_cavernosity, layout_loops_ring,
          ebering_ecumenical_altar_sacrificial, minmay_hexomino_r4
D:2:      layout_loops_ring, nicolae_titane, uniq_sigmund

Skill      XL: |  1  2  3 |
---------------+----------+-----
Ranged Weapons | 5 |  5.1
Armour         | 1 |  1.0
Fighting       | 3 |  3.0
Dodging        | |  1.5
Stealth        | |  1.1

Action                     |  1- 3 |  4- 6 || total
---------------------------+-------+-------++-------
   Fire: Shortbow          |   112 |    30 ||   142
    Use: Scroll            |     2 |       ||     2
 Armour: Leather armour    |    12 |       ||    12
         Ring mail         |     8 |     3 ||    11
  Dodge: Dodged            |    19 |     4 ||    23

Table legend:
 A = Non-vault XP
 B = Vault XP
 C = Vault XP percentage of total XP
 D = Non-vault monster count
 E = Vault monster count
 F = Vault count percentage of total count
                 A         B        C        D         E       F
            +---------+---------+-------+---------+---------+-------
      Total |      85 |      12 |  12.4 |      29 |       8 |  21.6
            +---------+---------+-------+---------+---------+-------
        D:1 |      28 |      12 |  30.0 |      16 |       8 |  33.3
        D:2 |      57 |       0 |   0.0 |      13 |       0 |   0.0
            +---------+---------+-------+---------+---------+-------
